 Dungeon Crawl Stone Soup version 0.29-a0-923-g6e406bff71 (webtiles) character file.

Game seed: 17285303566480328069

4799 avis the Chiller (level 10, -4/72 (78) HPs)
             Began as a Demigod Ice Elementalist on July 27, 2022.
             Slain by Harold
             ... wielding a +2 halberd of protection
              (13 damage)
             ... on level 9 of the Dungeon.
             The game lasted 01:34:03 (13938 turns).

avis the Chiller (Demigod Ice Elementalist)        Turns: 13938, Time: 01:34:03

HP:   -4/72 (78)    AC: 14    Str:  9    XL:     10   Next: 4%
MP:   15/21         EV: 16    Int: 17    God:
Gold: 479           SH:  0    Dex: 32    Spells: 10/19 levels left

rFire   . . .      SeeInvis .   a - +0 shortbow
rCold   . . .      Faith    .   (shield currently unavailable)
rNeg    . . .      Spirit   .   m - +0 steam dragon scales
rPois   .          Reflect  .   G - +0 helmet
rElec   .          Harm     .   (no cloak)
rCorr   .          Rampage  .   (no gloves)
Will    ++...                   (no boots)
Stlth   ++++......              (no amulet)
HPRegen 0.22/turn               o - +6 ring of dexterity
MPRegen 0.17/turn               n - ring of willpower

@: ice-armoured, freezing walls, drained
A: high MP 1, forlorn, divine attributes
a: no special abilities


You were on level 9 of the Dungeon.
You visited 2 branches of the dungeon, and saw 10 of its levels.

You collected 529 gold pieces.
You spent 50 gold pieces at shops.

Inventory:

Hand Weapons
 a - a +0 shortbow (weapon)
 c - a +2 vampiric dagger
 p - a +0 spear of venom
 w - a +6 dagger of venom
 H - a +0 rapier of speed
 N - a +2 whip of freezing
 P - a +3 falchion
 Q - a +1 dagger of draining
Missiles
 E - 24 poisoned darts
Armour
 f - the +1 scale mail of Proximity {rElec Int+4 Dex+3}
   (You found it on level 7 of the Dungeon)

   Int:       It affects your intelligence (+4).
   Dex:       It affects your dexterity (+3).
   rElec:     It insulates you from electricity.
 m - +0 steam dragon scales (worn)
 G - a +0 helmet (worn)
Magical Staves
 b - a staff of cold
Jewellery
 n - a ring of willpower (right hand)
 o - a +6 ring of dexterity (left hand)
 r - a ring of fire
 L - a ring of resist corrosion
Wands
 q - a wand of flame (11)
 B - a wand of roots (18)
 F - a wand of polymorph (4)
 J - a wand of charming (5)
 K - a wand of light (6)
 M - a wand of digging (9)
Scrolls
 g - 3 scrolls of vulnerability {unknown}
 k - 4 scrolls of teleportation {unknown}
 l - 2 scrolls of immolation {unknown}
 t - 3 scrolls of fear {unknown}
 v - 2 scrolls of magic mapping {unknown}
 x - 2 scrolls of silence {unknown}
 y - 4 scrolls of enchant weapon {unknown}
 D - 2 scrolls of blinking {unknown}
 I - a scroll of butterflies {unknown}
 O - a scroll of poison {unknown}
Potions
 d - 2 potions of magic
 e - a potion of invisibility
 h - a potion of ambrosia
 i - a potion of brilliance
 j - 4 potions of curing
 s - 2 potions of cancellation
 u - 4 potions of lignification
 z - 2 potions of resistance
 A - 2 potions of flight


   Skills:
 - Level 4.0 Fighting
 - Level 6.0 Ranged Weapons
 - Level 4.0 Dodging
 - Level 4.0 Stealth
 - Level 4.0 Shields
 - Level 5.0 Spellcasting
 - Level 5.0 Transmutations
 * Level 7.4 Ice Magic


You had 10 spell levels left.
You knew the following spells:

 Your Spells              Type           Power      Damage    Failure   Level
a - Freeze                Ice            100%       1d11      1%          1
e - Wereblood             Tmut           21%        N/A       2%          2
o - Ozocubu's Armour      Ice            29%        N/A       1%          3
r - Frozen Ramparts       Ice            58%        1d7       1%          3

Your spell library contained the following spells:

 Spells                   Type           Power      Damage    Failure   Level
 Sublimation of Blood     Necr           4%         N/A       22%         2
 Hailstorm                Conj/Ice       16%        3d6       30%         4
 Confusing Touch          Hex            4%         N/A       38%         3
 Mephitic Cloud           Conj/Pois/Air  4%         N/A       38%         3
 Yara's Violent Unravell  Hex/Tmut       6%         3d5       80%         5
 Summon Forest            Summ/Tloc      2%         N/A       98%         5
 Summon Mana Viper        Hex/Summ       4%         N/A       98%         5
 Summon Cactus Giant      Summ           2%         N/A       100%        6
 Dragon Form              Tmut           10%        N/A       100%        7
 Enfeeble                 Hex            2%         N/A       100%        7
 Summon Hydra             Summ           2%         N/A       100%        7


Dungeon Overview and Level Annotations

Branches:
Dungeon (9/15)             Temple (1/1) D:4            Lair (0/5) D:9
    Orc: D:9-12

Shops:
D:1 *

Annotations:
D:9 Harold


Innate Abilities, Weirdness & Mutations

You have an increased reservoir of magic. (+10% MP)
You shall have no god before yourself.
Your divine heritage dramatically boosts your attributes as you level up.


Message History

You feel much better.
The wall freezes Harold.
Harold hits you from afar with a +2 halberd of protection.
The wight completely resists.
The wall freezes the wight but does no damage.
The wight hits you with a +3 short sword of freezing.
You feel drained. The wight freezes you.
* * * LOW HITPOINT WARNING * * *
You feel much better.
The wall freezes Harold.
Harold hits you from afar with a +2 halberd of protection!
The wight completely resists.
The wall freezes the wight but does no damage.
The wight hits you but does no damage.
Fire: a) +0 shortbow
Press: ? - help, Q - select action, (/) - cycle Shift-Dir - straight line, f/p - wight
Aim: a wight, wielding a +3 short sword of freezing and wearing a +0 robe (lightly damaged, 72% to hit)
You shoot an arrow. The arrow closely misses the wight.
The arrow barely misses Harold.
The wall freezes Harold!
Harold hits you from afar with a +2 halberd of protection!
The wight resists.
The wall freezes the wight.
The wight hits you but does no damage.
Fire: a) +0 shortbow
Press: ? - help, Q - select action, (/) - cycle Shift-Dir - straight line, f/p - wight
Aim: a wight, wielding a +3 short sword of freezing and wearing a +0 robe (moderately damaged, 72% to hit)
You shoot an arrow. The arrow barely misses the wight.
The arrow closely misses Harold.
The wall freezes Harold.
Harold hits you from afar with a +2 halberd of protection!
* * * LOW HITPOINT WARNING * * *
The wight completely resists.
The wall freezes the wight but does no damage.
The wight hits you with a +3 short sword of freezing.
* * * LOW HITPOINT WARNING * * *
You feel drained.
* * * LOW HITPOINT WARNING * * *
The wight freezes you.
* * * LOW HITPOINT WARNING * * *
The wall freezes Harold.
Harold hits you from afar with a +2 halberd of protection!
You die...

#...# #.......###...)... #...#
#.##....#.......## #### #...#
#.##....#........# ...#
###...#####.##....#.......#. .#.#
#.......#...##.##.#........#
>#.###.##.##.#.#.......#.........
.#.....##.##...#....####........#
#####..##....#####...............
.#........##..>#@>.##############
.#..##.##.##.#.#z###
.#..##......(#.)@#
....##.......##.##
....#####.#####.# #.#.......# #.#
###.#####.### #. ##.###...[.# ##
#...##.....#


You could see Harold and a wight.

Vanquished Creatures
  A gargoyle (D:8)
  A troll (D:7)
  Sigmund (D:3)
  Menkaure (D:6)
  A steam dragon (D:7)
  Edmund (D:4)
  A water moccasin (D:7)
  3 sky beasts
  An orc warrior (D:7)
  3 black bears
  An ogre (D:5)
  A centaur (D:9)
  A kobold brigand (D:9)
  A bullfrog (D:8)
  Blork the orc (D:4)
  A gnoll sergeant (D:8)
  3 necrophages
  5 scorpions
  10 wights
  4 howler monkeys (D:8)
  7 electric eels (D:8)
  4 hounds
  3 gnoll boudas
  10 orc priests
  Ijyb (D:4)
  2 iguanas
  Terence (D:2)
  6 orc wizards
  Robin (D:4)
  15 gnolls
  4 adders
  A shadow imp (D:6)
  4 white imps
  3 ufetubi
  A worm (D:2)
  4 dart slugs
  34 orcs
  7 ball pythons
  6 endoplasms
  5 giant cockroaches
  8 hobgoblins
  4 jackals
  4 quokkas
  3 bats
  2 frilled lizards
  13 goblins
  11 kobolds
  6 rats
212 creatures vanquished.

Vanquished Creatures (others)
  27 plants (D:8)
27 creatures vanquished.

Grand Total: 239 creatures vanquished

Notes
Turn   | Place    | Note
-------+----------+-------------------------------------------
     0 | D:1      | avis the Demigod Ice Elementalist began the quest for the
                  | Orb.
     0 | D:1      | Reached XP level 1. HP: 14/14 MP: 5/5
   543 | D:1      | Reached XP level 2. HP: 20/20 MP: 5/8
   609 | D:1      | Found Emust's General Store.
   619 | D:1      | Bought a potion of curing for 30 gold pieces
  1577 | D:2      | Noticed Terence
  1755 | D:2      | Reached XP level 3. HP: 26/26 MP: 10/10
  1759 | D:2      | Learned a level 3 spell: Ozocubu's Armour
  1763 | D:2      | Learned a level 3 spell: Frozen Ramparts
  2438 | D:2      | Killed Terence
  2439 | D:2      | Reached skill level 4 in Ice Magic
  2900 | D:3      | Noticed Sigmund
  2908 | D:3      | Killed Sigmund
  2909 | D:3      | Reached skill level 5 in Ice Magic
  2909 | D:3      | Reached skill level 1 in Fighting
  2909 | D:3      | Reached XP level 4. HP: 16/35 MP: 4/11
  2909 | D:3      | Reached XP level 5. HP: 18/40 MP: 4/12
  3495 | D:3      | Got the Octavo of Mutated Air
  3499 | D:3      | Learned a level 2 spell: Wereblood
  3839 | D:3      | Reached skill level 1 in Shields
  3839 | D:3      | Reached XP level 6. HP: 31/48 MP: 7/13
  4013 | D:4      | Noticed Blork the orc
  4024 | D:4      | Killed Blork the orc
  4475 | D:4      | Noticed Edmund
  4490 | D:4      | Killed Edmund
  4562 | D:4      | Reached XP level 7. HP: 53/55 MP: 7/14
  4726 | D:4      | Found a staircase to the Ecumenical Temple.
  4910 | D:4      | Noticed Ijyb
  4932 | D:4      | Killed Ijyb
  5216 | D:4      | Noticed Robin
  5236 | D:4      | Killed Robin
  5756 | Temple   | Entered the Ecumenical Temple
  5809 | D:1      | Bought a scroll of identify for 20 gold pieces
  5881 | D:5      | Entered Level 5 of the Dungeon
  6534 | D:5      | Reached XP level 8. HP: 52/63 MP: 9/17
  7077 | D:5      | Upgraded the game from 0.29-a0-919-gd064cfad1c to
                  | 0.29-a0-923-g6e406bff71
  7280 | D:6      | Reached skill level 6 in Ice Magic
  7779 | D:6      | Reached skill level 5 in Ranged Weapons
  8806 | D:6      | Noticed Menkaure
  8878 | D:6      | Killed Menkaure
  9756 | D:7      | Reached XP level 9. HP: 56/71 MP: 12/18
  9929 | D:7      | Identified the +1 scale mail of Proximity {rElec Int+4
                  | Dex+3}
 10328 | D:7      | Reached skill level 5 in Spellcasting
 10557 | D:7      | Reached skill level 1 in Transmutations
 11803 | D:8      | Reached skill level 5 in Transmutations
 12041 | D:8      | Noticed a gargoyle
 12057 | D:8      | Killed a gargoyle
 12954 | D:8      | Reached skill level 7 in Ice Magic
 13417 | D:9      | Reached XP level 10. HP: 72/78 MP: 15/21
 13759 | D:9      | Found a staircase to the Lair.
 13924 | D:9      | Noticed Harold
 13933 | D:9      | HP: 3/76 [wight/+3 short sword of freezing (1)]
 13938 | D:9      | Slain by Harold

Illustrated notes

Levels and vault maps discovered:
D:1:      minmay_arrival_radiant_lines, layout_basic,
          chequers_ecumenical_altar_grove, serial_shops, nicolae_lakefront_shop,
          minmay_misc_feat_diagonals
D:2:      layout_basic, basic_altar, minmay_misc_feat_ornament, uniq_terence
D:3:      layout_basic, mainiacjoe_overflow_brackets,
          chequers_serial_rivers_room_b, uniq_sigmund
D:4:      layout_cave_pools, minmay_temple_entry_mini_moons, serial_rivers,
          chequers_serial_rivers_room_b, chequers_serial_rivers_micro_d,
          chequers_serial_rivers_large_a, chequers_serial_rivers_micro_c,
          chequers_serial_rivers_large_b, minmay_starry_boxes, uniq_ijyb,
          uniq_edmund, uniq_blork_the_orc, uniq_robin
D:5:      layout_basic, kennysheep_generic_room_14
D:6:      layout_layer_cave, mainiacjoe_overflow_cross_hatched,
          grunt_qazlal_sundering, okawaru_metal_pillars_1_2, uniq_menkaure
D:7:      layout_basic
D:8:      layout_loops_corners, nicolae_vehumet_radiance, ashenzari_altar_1,
          eat_drink_and_be_merry_uskayaw, serial_bayou, serial_bayou_lagoon_b,
          serial_bayou_crossing, serial_bayou_shore_b, serial_bayou_lake_a,
          eino_small_chamber_without_monster, st_stairs_11
D:9:      layout_loops_cross, lemuel_zombie_altar_yredelemnul, lair_entry_dummy,
          biasface_ghost_orc_armoury, lightli_church_of_beogh, uniq_harold
Temple:   minmay_temple_curvy_branch

Skill      XL: |  1  2  3  4  5  6  7  8  9 |
---------------+----------------------------+-----
Spellcasting   | 2 3 4 5 |  5.0
Ice Magic      | 5 6 7 |  7.4
Fighting       | 1 2 3 4 |  4.0
Dodging        | 2 4 |  4.0
Stealth        | 2 4 |  4.0
Ranged Weapons | 2 4 6 |  6.0
Shields        | 1 2 4 |  4.0
Transmutations | 5 |  5.0

Action                   |  1- 3 |  4- 6 |  7- 9 | 10-12 || total
-------------------------+-------+-------+-------+-------++-------
Melee: Dagger            |    37 |    27 |    97 |       ||   161
       Staff             |       |       |     4 |       ||     4
 Fire: Sling             |     2 |    27 |   148 |       ||   177
       Shortbow          |       |       |   108 |    24 ||   132
 Cast: Freeze            |    36 |     6 |     2 |       ||    44
       Ozocubu's Armour  |     2 |     9 |    64 |     5 ||    80
       Frozen Ramparts   |     2 |     9 |    60 |     5 ||    76
  Use: Scroll            |       |       |     8 |     2 ||    10
       Potion            |       |       |     1 |     3 ||     4
 Stab: Sleeping          |     7 |     2 |       |       ||     9
Armor: Robe              |    14 |     8 |    35 |       ||    57
       Leather armour    |       |       |     7 |       ||     7
       Steam dragon scal |       |       |    16 |     4 ||    20
Dodge: Dodged            |    36 |    26 |   124 |     7 ||   193
Block: Buckler           |     2 |    16 |    49 |       ||    67

Table legend: (Time is in decaauts)
 A = Elapsed time spent in this place.
 B = Non-inter-level travel time spent in this place.
 C = Inter-level travel time spent in this place.
 D = Time resting spent in this place.
 E = Time spent auto-exploring this place.
 F = Levels seen in this place.
 G = Mean time per level.
                   A        B        C        D        E       F      G
               +--------+--------+--------+--------+--------+-----+--------+
         Total |  14057 |  12245 |   1812 |   5058 |   4563 |  10 | 1405.7 |
       Dungeon |  13995 |  12189 |   1806 |   5058 |   4563 |   9 | 1555.0 |
        Temple |     62 |     57 |      5 |      0 |      0 |   1 |   62.0 |
               +--------+--------+--------+--------+--------+-----+--------+

Top non-repeatable levels by time:
     D:6: 2559 daAuts
     D:8: 2452 daAuts
     D:4: 1890 daAuts
     D:2: 1616 daAuts
     D:3: 1336 daAuts
     D:1: 1275 daAuts
     D:5: 1222 daAuts
     D:7: 1192 daAuts
     D:9: 448 daAuts
  Temple: 62 daAuts
